 Dungeon Crawl Stone Soup version 0.32-a0-696-g5fa0bccb63 (webtiles) character file.

Game seed: 17713575122112383871

67 Gargoyl the Trooper (level 4, -5/29 HPs)
             Began as a Gargoyle Berserker on Mar 13, 2024.
             Was a Follower of Trog.
             Slain by a gnoll
             ... wielding a +2 spear of distortion
              (14 damage)
             ... on level 2 of the Dungeon.
             The game lasted 00:02:20 (1299 turns).

Gargoyl the Trooper (Gargoyle Berserker)            Turns: 1299, Time: 00:02:21

Health: -5/29      AC:  9    Str: 20    XL:     4   Next: 16%
Magic:  4/4        EV: 10    Int:  8    God:    Trog [*.....]
Gold:   56         SH:  0    Dex: 11    Spells: 3/3 levels left

rFire   . . .        a - +0 hand axe (spect)
rCold   . . .        (no shield)
rNeg    + . .        c - +0 ring mail
rPois   ∞            (no helmet)
rElec   +            (no cloak)
rCorr   .            (no gloves)
SInv    .            (no boots)
Will    .....        (no amulet)
Stlth   +            (no ring)
HPRegen 0.24/turn    (no ring)
MPRegen 0.09/turn

%: no passive effects
@: on berserk cooldown, slowed, very slow
A: sickness immunity, AC +3, negative energy resistance 1, electricity
resistance, torment resistance 1, petrification resistance
a: Renounce Religion, Berserk


You were on level 2 of the Dungeon.
You worshipped Trog.
Trog was aware of your devotion.
You visited 1 branch of the dungeon, and saw 2 of its levels.

You collected 95 gold pieces.
You spent 39 gold pieces at shops.

Inventory:

Hand Weapons
 a - a +0 spectral hand axe (weapon)
Armour
 c - a +0 ring mail (worn)
Scrolls
 f - 2 scrolls of teleportation
Potions
 d - a potion of cancellation
 e - a potion of degeneration {unknown}


   Skills:
 + Level 3.8 Fighting
 + Level 3.5 Axes
 + Level 2.8 Armour
 + Level 2.0 Dodging
 + Level 0.4 Stealth


You had 3 spell levels left.
You didn't know any spells.
Your spell library was empty.

Dungeon Overview and Level Annotations

Branches:
Dungeon (2/15)

Altars:
Okawaru

Shops:
D:2 ?


Innate Abilities, Weirdness & Mutations

You are immune to sickness and miasma.
Your stone body is resilient. (AC +3)
You are immune to poison.
You resist negative energy. (rN+)
You are resistant to electric shocks. (rElec)
You are resistant to unholy torment.
You are immune to petrification.


Message History

You closely miss the gnoll. You hit the gnoll.
Your +0 spectral hand axe hits the gnoll.
Your +0 spectral hand axe misses the gnoll.
Your +0 spectral hand axe hits the gnoll. x2
The gnoll barely misses you.
Unknown command.
You slash the gnoll!
You kill the gnoll!
Trog accepts your kill.
You slash the gnoll!
You kill the gnoll!
Trog accepts your kill.
Your +0 spectral hand axe disappears.
Your Dodging skill increases to level 2!
You have reached level 4!
You feel clever.
Unknown command.
Things that are here:
a +0 halberd; a throwing net; a gnoll corpse You feel a strong urge to attack something.
The gnoll hits you but does no damage.
You are no longer berserk.
You are exhausted.
You feel yourself slow down.
You hit the gnoll but do no damage.
Your +0 spectral hand axe hits the gnoll but does no damage.
The gnoll closely misses you. The gnoll barely misses you.
You slash the gnoll!
The gnoll is heavily wounded.
Your +0 spectral hand axe hits the gnoll.
The gnoll barely misses you. x2
You hit the gnoll but do no damage.
The gnoll is severely wounded.
Your +0 spectral hand axe barely misses the gnoll.
The gnoll hits you with a +2 spear of distortion.
Space warps horribly around you!
Ouch! That really hurt!
The gnoll hits you with a +2 spear of distortion.
Space warps horribly around you!
You die...

#.# #.# #.#+## #####
#....### #...# #.......
#...###....#
##########...#....).#
#.............@.)...#
....######.....g(#....# .
..###...._..###....#
..............#....#
##..........#.....##
............#.....#####
###..)...####.........###
##.......##.....~.~~..#
#.....#..............#


You could see a gnoll and a friendly +0 spectral hand axe.

Vanquished Creatures
  2 adders (D:2)
  2 gnolls (D:2)
  4 bats
  2 endoplasms (D:1)
  3 hobgoblins
  7 kobolds
  5 ball pythons
  5 frilled lizards (D:1)
  A goblin (D:2)
  3 rats (D:1)
34 creatures vanquished.

Notes
Turn   | Place    | Note
-------+----------+-------------------------------------------
     0 | D:1      | Gargoyl the Gargoyle Berserker began the quest for the Orb.
     0 | D:1      | Reached XP level 1. HP: 14/14 MP: 1/1
   391 | D:1      | Reached XP level 2. HP: 15/19 MP: 2/2
  1130 | D:2      | Found Fyamu's Magic Scroll Shoppe.
  1151 | D:2      | Bought a scroll of teleportation for 39 gold pieces
  1159 | D:2      | Reached XP level 3. HP: 23/23 MP: 3/3
  1255 | D:2      | Found an iron altar of Okawaru.
  1294 | D:2      | Reached XP level 4. HP: 29/29 MP: 4/4
  1299 | D:2      | Slain by a gnoll

Illustrated notes

Levels and vault maps discovered:
D:1:      minmay_arrival_widening_spiral_narrow, layout_loops_ring,
          minmay_3d_cube
D:2:      layout_rooms, serial_shops,
          nicolae_shop_temple_entry_statues_fountains, basic_altar,
          minmay_misc_feat_encased, nrook_uturn, kennysheep_minor_cross,
          chequers_serial_rivers_micro_c, uniq_crazy_yiuf_cottage

Skill      XL: |  1  2  3 |
---------------+----------+-----
Axes           | 3 |  3.5
Dodging        | 2 |  2.0
Fighting       | |  3.8
Armour         | |  2.8
Stealth        | |  0.4

Action                     |  1- 3 |  4- 6 || total
---------------------------+-------+-------++-------
  Melee: Hand axe          |    87 |     3 ||    90
 Invoke: Berserk           |     3 |       ||     3
    Use: Scroll            |     2 |       ||     2
 Armour: Ring mail         |    91 |     3 ||    94
  Dodge: Dodged            |    79 |     4 ||    83

Table legend: (Time is in decaauts)
 A = Elapsed time spent in this place.
 B = Non-inter-level travel time spent in this place.
 C = Inter-level travel time spent in this place.
 D = Time resting spent in this place.
 E = Time spent auto-exploring this place.
 F = Levels seen in this place.
 G = Mean time per level.
                   A        B        C        D        E       F      G
               +--------+--------+--------+--------+--------+-----+--------+
         Total |   1333 |   1274 |     59 |     40 |    908 |   2 |  666.5 |
       Dungeon |   1333 |   1274 |     59 |     40 |    908 |   2 |  666.5 |
               +--------+--------+--------+--------+--------+-----+--------+

Top non-repeatable levels by time:
     D:1: 1146 daAuts
     D:2: 187 daAuts
